[Event "SixDays Budapest January-IMB 2023"]
[Site "Budapest"]
[Date "2023.01.27"]
[Round "8.5"]
[White "La Barbera, Manfredi"]
[Black "Gatineau, Yovann"]
[Result "0-1"]
[ECO "B12"]
[WhiteElo "1961"]
[BlackElo "2354"]
[Annotator "TA"]
[PlyCount "50"]
[EventDate "2023.01.23"]
[EventType "tourn"]
[EventCountry "HUN"]
[SourceTitle "playchess.com"]
[Source "ChessBase"]
[SourceQuality "1"]
[TimeControl "5400+30"]

1. e4 c6 2. d4 d5 3. e5 c5 4. dxc5 e6 5. a3 Bxc5 6. b4 {[%emt 0:04:27] B12: Caro-Kann: Advance Variation.} Be7 7. Bd3 a5 8. b5 {[%emt 0:00:09] Prevents Nc6. The position is equal.} Nd7 9. Nf3 f6 10. Bb2 Nh6 11. Qe2 {[%emt 0:06:40] [#]} Nf7 $146 (11... O-O $11 {deserves consideration.}) ({Predecessor:} 11... O-O 12. O-O Nf7 13. exf6 Bxf6 14. c4 Nc5 15. Nc3 b6 16. Rad1 Bb7 17. cxd5 exd5 {½-½ Warakomska,A (2293)-Giacomini,H (2178) Hoogeveen op 22nd 2018 (3)}) 12. exf6 $14 gxf6 13. c4 $1 (13. Qxe6 $2 {loses.} Nde5 14. Nxe5 Bxe6 $19) 13... Nc5 14. cxd5 ({Better is} 14. Bc2 $1 $14) 14... Qxd5 $11 15. Bc4 Qh5 16. Nc3 Rg8 17. Rd1 $2 (17. O-O $11) 17... Rxg2 $17 18. b6 (18. h3 $17 {was called for.}) 18... Rg4 $19 {[%emt 0:14:52][%cal Og4c4] [#] White must now prevent ...Rxc4!} 19. Bb5+ Kf8 20. Qe3 e5 {[%emt 0:02:35] Hoping for ...Rf4.} 21. h3 $2 {[%emt 0:04:24] This costs White the game.} (21. Be2 $17 {was necessary.}) 21... Rf4 22. Be2 Bg4 ({But not} 22... Bxh3 23. Ng1 (23. Nd2 Qg6 $18) 23... Qg6 24. Qxh3 $18 (24. Nxh3 Rh4 $18)) 23. Nd2 Bxe2 24. Nxe2 Rd8 25. Kf1 (25. Nxf4 $142 exf4 26. Qf3 Nd3+ 27. Kf1) 25... Rd3 {[%emt 0:02:34][%mdl 64] Trapped Piece.   Weighted Error Value: White=0.69/Black=0.11 (very precise)} 0-1

[Event "SixDays Budapest January-IMB 2023"]
[Site "Budapest"]
[Date "2023.01.28"]
[Round "9.1"]
[White "Gatineau, Yovann"]
[Black "Daroczi, Donat"]
[Result "1-0"]
[ECO "E04"]
[WhiteElo "2354"]
[BlackElo "2148"]
[Annotator "TA"]
[PlyCount "79"]
[EventDate "2023.01.23"]
[EventType "tourn"]
[EventCountry "HUN"]
[SourceTitle "playchess.com"]
[Source "ChessBase"]
[SourceQuality "1"]
[TimeControl "5400+30"]

1. d4 Nf6 2. c4 e6 3. Nf3 d5 4. g3 dxc4 5. Bg2 Bb4+ 6. Bd2 c5 {[%emt 0:00:06] E04: Open Catalan: 5 Nf3.} 7. dxc5 (7. a3 $5 Bxd2+ 8. Nbxd2 $11) 7... Bxc5 8. Qa4+ Nbd7 {[%emt 0:00:37] The position is equal.} 9. Qxc4 {[%emt 0:01:36] [#]} b5 $1 10. Qd3 {[%emt 0:04:27][%cal Of3e5] [#]} (10. Qxb5 Rb8) 10... Qb6 $146 ({Predecessor:} 10... Bb7 11. b4 Be7 12. Qxb5 Rb8 13. Qa4 O-O 14. O-O Nb6 15. Qxa7 Nfd5 16. Nc3 Nxb4 {1-0 Gunina,V (2525)-Javakhishvili,L (2461) Khanty-Mansiysk FIDE GP (Women) 2016 (1)}) 11. O-O Bb7 (11... b4 $5 12. Be3 O-O $15) 12. b4 Be7 13. Be3 Be4 {[%emt 0:00:25] [#]} 14. Qxe4 $1 $16 Nxe4 15. Bxb6 Nxb6 {[%emt 0:15:04] [#]} 16. Nd4 $1 $36 {[%emt 0:00:55][%csl LRb5,LRe4][%mdl 2048] White is in control.} Rd8 17. Nc6 Nd2 18. Rc1 Rd6 {[%emt 0:08:40] This move loses the game for Black.} (18... Rd7 $16) 19. Nxa7 $18 Nxb1 20. Bc6+ (20. Rcxb1 $6 O-O 21. Nxb5 Rd2 $18) 20... Nd7 21. Nxb5 (21. Rcxb1 Bf6 $18) (21. Raxb1 O-O 22. Bxb5 Bg5 $18) 21... Rd2 22. Bxd7+ (22. Rcxb1 O-O 23. a4 (23. Rd1 Rxd1+ 24. Rxd1 Ne5 $16) 23... Nb8 $18) 22... Rxd7 23. Rc8+ (23. Rcxb1 Bf6 $11) 23... Rd8 24. Rxd8+ Kxd8 25. Rxb1 {[%emt 0:00:07][%mdl 4096] Endgame KRB-KRN} Kd7 26. Rd1+ Kc6 27. Nd4+ Kb6 28. a3 Ra8 29. Rd3 Bf6 30. Nc2 Rc8 31. Ne3 Kb5 32. Rd7 Ra8 33. Nc2 ({Don't do} 33. Rxf7 $6 Rxa3 34. Rb7+ Kc6 $16) 33... Ka4 34. Rxf7 Kb3 35. Rc7 Bc3 36. Ne3 Rxa3 37. Rc6 {[%emt 0:01:05] Dodges Ra6} Ra2 $2 (37... Kxb4 38. Rxe6 Kc5) 38. b5 ({Less strong is} 38. Rxe6 Bxb4 39. Rb6 Ka4 $18) 38... Rxe2 $2 (38... Kb4 39. b6 (39. Rxe6 Kxb5 40. Nd5 Bb2 $18) 39... Ra8 40. Rxe6 Kc5) 39. b6 Bd4 40. b7 {[%emt 0:00:18] Weighted Error Value: White=0.08 (flawless) /Black=0.35} 1-0

[Event "SixDays Budapest January-IMB 2023"]
[Site "Budapest"]
[Date "2023.01.28"]
[Round "9.2"]
[White "Apol, Luitjen Akselsson"]
[Black "La Barbera, Manfredi"]
[Result "1-0"]
[ECO "C03"]
[WhiteElo "2215"]
[BlackElo "1961"]
[Annotator "TA"]
[PlyCount "105"]
[EventDate "2023.01.23"]
[EventType "tourn"]
[EventCountry "HUN"]
[SourceTitle "playchess.com"]
[Source "ChessBase"]
[SourceQuality "1"]
[TimeControl "5400+30"]

1. e4 e6 2. d4 d5 3. Nd2 Be7 4. e5 c5 5. c3 Qb6 6. Ndf3 {[%emt 0:05:16] C03: French Tarrasch: Unusual Black 3rd moves.} Bd7 7. Bd3 cxd4 8. cxd4 {[%emt 0:01:24] White is slightly better.} Bb5 9. Ne2 Bxd3 10. Qxd3 Nc6 11. O-O {[%emt 0:01:36] [#]} Nh6 $146 (11... Nb4 $11 12. Qd1 Nc6) ({Predecessor:} 11... Bd8 12. a3 a5 13. Nc3 Nge7 14. Nb5 O-O 15. Bd2 Qa6 16. a4 Bb6 17. Ng5 Ng6 {½-½ Hu,Y (2095)-Wang,X (1877) CHN-chB (Women) 2019 (7)}) 12. Ng3 (12. Bxh6 $16 gxh6 13. Rfc1) 12... Rc8 (12... Ng8 $14) 13. Bd2 (13. Bxh6 $16 gxh6 14. Nh5) 13... Qa6 14. Qxa6 bxa6 15. Rac1 Kd7 16. a3 f5 (16... Nb8 $11 {keeps the balance.}) 17. Ne2 Nf7 18. Ne1 Bd8 19. Nd3 Bb6 20. Bc3 g5 21. b4 Ke7 {[%emt 0:01:18] [#]} (21... a5 $14) 22. a4 $1 $18 a5 23. b5 Nb8 24. Bb2 Nd7 25. Ba3+ Kd8 26. Rxc8+ (26. Rc6 Rxc6 27. bxc6 Nb8 $11) 26... Kxc8 27. Rc1+ Kb7 28. g3 (28. f4 $18) 28... Rc8 $16 29. Rxc8 Kxc8 30. f4 g4 (30... gxf4 $142 31. gxf4 (31. Ndxf4 Nfxe5 32. Nxe6 Nc4 $14) 31... Bd8) 31. Nc5 Nd8 32. Kf2 {[%emt 0:00:31] White is more active.} Bc7 33. Nxd7 Kxd7 {[%emt 0:00:07][%mdl 4096] Endgame KBN-KBN} 34. Nc1 Bb6 35. Nb3 Nb7 36. Ke3 h5 37. Kd3 Bd8 38. Ke3 ({White should try} 38. Ke2 $16) 38... h4 $2 {[%emt 0:00:21][%mdl 8192] [#] White stays focused until the end.} (38... Bb6 $1 $11) 39. gxh4 $1 $18 {[%emt 0:01:01] White is clearly winning.} Bxh4 40. Bc5 Nxc5 41. dxc5 {[%emt 0:03:02] aiming for c6+. KB-KN} Be7 (41... Be1 $142 42. Ke2 Bb4 43. c6+ Ke7) 42. Kf2 (42. Nxa5 $2 {perishes.} Bxc5+ 43. Kd3 Bg1 $19) 42... Bh4+ 43. Ke2 {[%emt 0:01:07] c6+ would be deadly.} Bd8 44. Nd4 Bc7 45. Kf1 Bd8 46. Kg2 Bc7 47. Kg3 Bd8 48. h3 gxh3 49. Kxh3 Be7 50. c6+ Kc8 51. Nxe6 Bb4 52. Nd4 Bd2 53. Kg3 {[%emt 0:00:08] Weighted Error Value: White=0.14 (very precise) /Black=0.43} 1-0

[Event "SixDays Budapest January-IMB 2023"]
[Site "Budapest"]
[Date "2023.01.28"]
[Round "9.3"]
[White "To, Nhat Minh"]
[Black "Urhegyi, Marton"]
[Result "1/2-1/2"]
[ECO "A39"]
[WhiteElo "2335"]
[BlackElo "2253"]
[Annotator "TA"]
[PlyCount "41"]
[EventDate "2023.01.23"]
[EventType "tourn"]
[EventCountry "HUN"]
[SourceTitle "playchess.com"]
[Source "ChessBase"]
[SourceQuality "1"]
[TimeControl "5400+30"]

1. Nf3 Nf6 2. c4 c5 3. g3 g6 4. Bg2 Bg7 5. O-O O-O 6. Nc3 Nc6 7. d4 cxd4 8. Nxd4 {[%emt 0:00:06] [#]} {Predecessor:} Nxd4 $146 {A39: Symmetrical English vs ...g6: 4 Bg2 Bg7 5 Nf3 Nf6 6 0-0 0-0 7 d4.} 9. Qxd4 d6 10. Qd3 Bf5 11. e4 Be6 12. b3 Nd7 13. Be3 Qa5 14. Bd4 Ne5 15. Qd2 Rfc8 16. Rac1 Nc6 17. Bxg7 Kxg7 18. Rfe1 a6 19. Qb2 Kg8 20. Nd5 Bxd5 21. exd5 {½-½ Vidit,S (2710)-Mamedov,R (2646) Shusha Blitz 2022 (7)} 1/2-1/2

[Event "SixDays Budapest January-IMB 2023"]
[Site "Budapest"]
[Date "2023.01.28"]
[Round "9.4"]
[White "Papp, Levente"]
[Black "Semprun Martinez, Fernando"]
[Result "1/2-1/2"]
[ECO "A05"]
[WhiteElo "2391"]
[BlackElo "2106"]
[Annotator "TA"]
[PlyCount "154"]
[EventDate "2023.01.23"]
[EventType "tourn"]
[EventCountry "HUN"]
[SourceTitle "playchess.com"]
[Source "ChessBase"]
[SourceQuality "1"]
[TimeControl "5400+30"]

1. Nf3 Nf6 2. g3 g6 3. b3 Bg7 4. Bb2 d5 5. c4 c6 6. Bg2 O-O 7. O-O a5 8. Nc3 $1 {[%emt 0:04:25][%mdl 4] is recently more successful than 8.d3.} Na6 {[%emt 0:03:54] A11: English Opening: 1...c6.} 9. d4 Bf5 10. Nh4 Be6 {[%emt 0:01:00] White has an edge.} 11. cxd5 {[%emt 0:00:41] [#]} cxd5 $146 ({Predecessor:} 11... Nxd5 12. Rc1 Nab4 13. Qd2 Nxc3 14. Bxc3 Qb6 15. e4 Rfd8 16. Nf3 Bg4 17. a3 Bxf3 18. Bxf3 {½-½ Thorsteinsson,E (2147)-Weeks,M (2273) Reykjavik op 22nd 2006 (9)}) 12. Rc1 Rc8 13. Qd2 Qd6 14. Nb5 Qb4 15. Qd3 {[%emt 0:01:36] And now a3 would win.} Bd7 16. a4 ({White should try} 16. Nc3 $11) 16... Bxb5 (16... Ne4 $5 17. Rb1 Nd2 $17) 17. axb5 Nc7 18. Ra1 b6 (18... Nxb5 $2 19. Ra4 Qd6 20. Qxb5 $18) 19. Bh3 $1 (19. Ba3 Qxb5 20. Qxb5 Nxb5 21. Bxe7 Nxd4 22. Bxf8 Nxe2+ 23. Kh1 Kxf8 $17) 19... Ne6 (19... e6 $5 ) 20. Nf3 {[%emt 0:10:06] Bxe6 is the strong threat.} Ne4 21. Rfd1 Nd6 22. Qe3 (22. Ba3 $11 Qxb5 23. Bxd6 (23. Qxb5 Nxb5 24. Bxe7 Rfe8 $17) 23... Qxd3 24. Rxd3 exd6 25. e3) 22... Ne4 {[%emt 0:01:20] With the idea ...Rc2.} ({Reject} 22... Nxb5 23. Bxe6 Rc2 24. Rab1 (24. Ra4 Qd6 $11) 24... fxe6 25. Qxe6+ Kh8 26. Ne1 $14) (22... Rc2 $5 23. Rab1 Qxb5 $17) 23. Qd3 $1 {[%emt 0:01:50] Repels Rc2} f5 24. Ne5 $2 (24. e3 $11 {and White is okay.}) 24... Bxe5 $19 25. dxe5 N4c5 {[%emt 0:01:25] A dynamic duo of knights.} 26. Qxd5 {[%emt 0:00:57] [#]} Rfd8 $1 27. Qc4 Qxb3 28. Qxb3 Nxb3 29. Rxd8+ Rxd8 30. Rb1 Nec5 31. e6 Nd4 32. e3 Ndxe6 ({And not} 32... Nxb5 33. Bf1 Nd6 34. Ba3 $17) 33. Bf1 Ng5 34. Bc4+ (34. h4 $142 Nge4 35. Bd4) 34... Kf8 35. h4 Nge4 36. Rc1 {[%emt 0:02:15] [#]} Nxf2 $1 {[%emt 0:01:51][%mdl 576] Decoy} 37. Be5 (37. Bd4 Nfe4) 37... Nfd3 38. Rd1 Rd7 {[%emt 0:00:23] Prevents Bc7} 39. Bxd3 Nxd3 {[%emt 0:02:37][%mdl 4096] Endgame KRB-KRN} 40. Bd4 Nc5 41. Rc1 a4 (41... Nb3 $19 {is more deadly.} 42. Rc8+ Kf7 43. Bxb6 Rb7) 42. Bxc5 $17 bxc5 43. Rxc5 {[%emt 0:00:23] KR-KR} Rd3 (43... a3 {looks sharper.} 44. b6 Rb7 45. Rb5 Kf7) 44. Kf2 (44. b6 $142 Rb3 45. Ra5) 44... Rb3 {[%emt 0:00:19] White must now prevent ...Kf7.} 45. Rc8+ Kf7 46. Ra8 Rxb5 47. Rxa4 Rb2+ 48. Kf3 h6 49. Ra6 e6 50. Ra3 Kf6 51. Rc3 Rb1 52. Ra3 g5 53. hxg5+ hxg5 54. g4 Rf1+ 55. Kg2 Rb1 56. Kf3 Rf1+ 57. Kg2 $1 Rc1 58. Kf3 Rg1 59. gxf5 exf5 60. Ra6+ Kf7 61. Rb6 Kg7 62. Ra6 Rb1 63. Rc6 Kf7 64. Ra6 Rb4 65. Rc6 Re4 66. Ra6 g4+ 67. Kf2 Re6 68. Ra8 Kf6 69. Rf8+ Ke5 70. Ra8 Kf6 71. Rf8+ $1 Kg5 72. Rg8+ Rg6 73. Rf8 Rh6 {[%emt 0:00:19] Strongly threatening ...Rh2+.} 74. Rg8+ Rg6 75. Rf8 Rh6 {[%emt 0:00:11] Threatens to win with ...Rh2+.} 76. Rg8+ Kf6 (76... Kh4 $17 77. Re8 Kg5 78. Rg8+) 77. e4 $1 $11 Ke5 {Whites escaped into a draw.   Weighted Error Value: White=0.21 (precise) /Black=0.21 (precise)} 1/2-1/2

[Event "SixDays Budapest January-IMB 2023"]
[Site "Budapest"]
[Date "2023.01.28"]
[Round "9.5"]
[White "Jakab, Attila"]
[Black "Farkas, Gabor"]
[Result "0-1"]
[ECO "E70"]
[WhiteElo "2308"]
[BlackElo "2321"]
[Annotator "TA"]
[PlyCount "68"]
[EventDate "2023.01.23"]
[EventType "tourn"]
[EventCountry "HUN"]
[SourceTitle "playchess.com"]
[Source "ChessBase"]
[SourceQuality "1"]
[TimeControl "5400+30"]

1. d4 Nf6 2. c4 g6 3. Nc3 Bg7 4. e4 d6 5. Nge2 O-O 6. Ng3 e5 7. d5 a5 8. Be2 Na6 9. h4 h5 $1 10. Bg5 {[%emt 0:00:07][%cal Re2h5] E70: King's Indian: Miscellaneous lines with 4 e4, including 5 Nge2 and 5 Bd3 0-0 6 Nge2.} Qe8 11. Qd2 Nc5 12. Bh6 {[%emt 0:00:40] White has an edge.} Bxh6 13. Qxh6 Qe7 14. O-O-O a4 {[%emt 0:01:18] [#]} 15. Bxh5 $146 ({Predecessor:} 15. Qg5 Re8 16. Rhf1 Nh7 17. Qxe7 Rxe7 18. f3 Bd7 19. Rd2 Kg7 20. Kc2 Kh6 21. Rb1 {½-½ Pazos Gambarrotti,P (2083)-Mora Munoz,A (1931) Jamundi Fortalece Sede op 2022 (10)}) 15... Nxh5 $17 (15... gxh5 16. Qg5+ Kh8 17. Nxh5 $14) 16. Nxh5 gxh5 17. Rh3 Bg4 {[%emt 0:03:35] ...f5 is the strong threat.} (17... Bxh3 $2 18. gxh3 $18) 18. f3 {[%emt 0:00:05] [#] Against f5} Nd3+ $1 19. Rxd3 Bxh3 20. gxh3 {[%emt 0:00:11] White threatens Rd1 and mate.} f5 ({Of course not} 20... Qxh4 $6 21. Ne2 f6 22. Qg6+ Kh8 23. Qh6+ Kg8 24. Qg6+ Kh8 25. Qh6+ Kg8 $11) 21. f4 {[%emt 0:06:28] [#]} (21. exf5 $17 Qf6 22. Qxh5 Qxf5 23. Qg5+ Qxg5+ 24. hxg5) 21... Qg7 (21... Qxh4 22. Qg6+ Kh8 23. Rg3 $11 (23. exf5 $2 {perishes.} Qxf4+ 24. Kb1 Qxf5 $19)) (21... exf4 $1 $19 {aiming for ...Qg7.} 22. exf5 Qh7 23. Qg5+ Kh8 24. Qxf4 Qxf5 25. Qd4+ Qf6) 22. Qxg7+ (22. Qxh5 $17 {only move.} fxe4 23. Nxe4 exf4 24. Ng5) 22... Kxg7 $19 23. fxe5 dxe5 $17 {[%emt 0:00:18][%mdl 4096] Endgame KRR-KRN} 24. Rg3+ {[%emt 0:00:27] [#]} Kh6 $1 25. Rg5 (25. exf5 $142 Rxf5 26. Ne2) 25... f4 $19 26. Kd2 f3 {[%emt 0:02:10] White must now prevent ...f2.} 27. Ke1 a3 {[%emt 0:00:35] Black is clearly winning.} 28. b4 f2+ 29. Kf1 Rf3 {[%emt 0:00:25][%csl LRc3,LRh3] Against Rg3} 30. Nd1 (30. Nb5 $142 Ra4 31. Rf5 Rxf5 32. exf5 Rxb4 33. Nxa3) 30... Ra4 31. Nxf2 Rxb4 {[%emt 0:00:10] ( -> ...Rb2)} 32. Ke2 Rc3 {[%emt 0:01:18] Hoping for ...Rb2+.} 33. Kd2 Rbxc4 {[%emt 0:06:10] ...Rc2+ would be deadly.} 34. Nd1 Rxh3 {[%emt 0:01:53] Black took control after the opening.   Weighted Error Value: White=0.65/Black=0.05 (flawless)} 0-1